 Dungeon Crawl Stone Soup version 0.20.1-1-g8b1a95d (webtiles) character file.

117 theAP the Digger (level 5, -10/28 HPs)
             Began as a Gargoyle Earth Elementalist on Sept 2, 2017.
             Killed by divine providence
             ... invoked by an orc priest
              (13 damage)
             ... on level 3 of the Dungeon.
             The game lasted 00:05:36 (1565 turns).

theAP the Digger (Gargoyle Earth Elementalist)      Turns: 1565, Time: 00:05:37

Health: -10/28     AC: 10    Str: 12    XL:     5   Next: 1%
Magic:  3/9        EV: 12    Int: 16    God:
Gold:   113        SH:  0    Dex: 10    Spells: 3/10 levels left

rFire    . . .     SeeInvis +   g - +0 whip
rCold    . . .     Gourm    .   (no shield)
rNeg     + . .     Faith    .   c - +0 robe
rPois    ∞         Spirit   .   j - +2 helmet
rElec    +         Reflect  .   o - +0 cloak
rCorr    .         Harm     .   (no gloves)
MR       .....                  (no boots)
Stlth    ++........             (no amulet)
Regen    0.1/turn               a - ring of see invisible
MPRegen  0.2/turn               (no ring)

@: hasted, very quick
A: negative energy resistance 1, electricity resistance, unbreathing,
petrification resistance, rot immunity, AC +4
a: no special abilities


You were on level 3 of the Dungeon.
You were not hungry.

You visited 1 branch of the dungeon, and saw 3 of its levels.

You collected 113 gold pieces.

Inventory:

Hand Weapons
 g - a +0 whip (weapon)
Missiles
 b - 86 stones (quivered)
Armour
 c - a +0 robe (worn)
 j - a +2 helmet (worn)
 o - a +0 cloak (worn)
Jewellery
 a - a ring of see invisible (left hand)
Scrolls
 f - 2 scrolls of identify {unknown}
 i - a scroll of blinking {unknown}
 n - 2 scrolls of remove curse {unknown}
 p - a scroll of enchant weapon {unknown}
 r - a scroll of recharging {unknown}
Potions
 m - a potion of might {unknown}
Books
 e - a book of Geomancy

   Spells                             Type                      Level
   a - Sandblast                      Earth                        1
   b - Passwall                       Transmutation/Earth          2
   c - Stone Arrow                    Conjuration/Earth            3
   d - Petrify                        Transmutation/Earth          4
   e - Lee's Rapid Deconstruction     Earth                        5
 l - a book of Minor Magic

   Spells                             Type                      Level
   a - Magic Dart                     Conjuration                  1
   b - Blink                          Translocation                2
   c - Call Imp                       Summoning                    2
   d - Slow                           Hexes                        2
   e - Conjure Flame                  Conjuration/Fire             3
   f - Mephitic Cloud                 Conjuration/Poison/Air       3
 q - a book of Maledictions

   Spells                             Type                      Level
   a - Corona                         Hexes                        1
   b - Ensorcelled Hibernation        Hexes/Ice                    2
   c - Confuse                        Hexes                        3
   d - Tukima's Dance                 Hexes                        3
   e - Dazzling Spray                 Conjuration/Hexes            3
Comestibles
 d - 3 bread rations
 h - 3 royal jellies


   Skills:
 + Level 1.9 Maces & Flails
 - Level 1.5 Dodging
 - Level 2.1 Stealth
 + Level 3.1 Spellcasting
 + Level 0.7 Conjurations
   Level 0.7 Transmutations
 + Level 4.9 Earth Magic


You had 3 spell levels left.
You knew the following spells:

 Your Spells              Type           Power        Failure   Level  Hunger
a - Sandblast             Erth           ###...       2%          1    None
b - Stone Arrow           Conj/Erth      ##....       17%         3    ###....
c - Mephitic Cloud        Conj/Pois/Air  #.......     45%         3    ###....


Dungeon Overview and Level Annotations

Branches:
Dungeon (3/15)

Altars:

Annotations:
D:3 appiemonkey's ghost, weakling DsFi


Innate Abilities, Weirdness & Mutations

You are resistant to torment.
Your stone body is resilient. (AC +4)
You are immune to poison.
You resist negative energy. (rN+)
You are resistant to electric shocks. (rElec)
You can survive without breathing.
You are immune to petrification.
You are immune to rotting.


Message History

Aiming: Sandblast
Press: ? - help, Shift-Dir - straight line, f/p - orc priest
Aim: an orc priest, wielding a dagger and wearing a scale mail (severely wounded)
The blast of sand hits the orc priest.
The orc priest is severely wounded.
b - 86 stones The orc priest looks satisfied for a moment.
A worm comes into view.
The orc priest invokes the aid of Beogh against you.
Pain shoots through your body!
The orc priest calls down the wrath of Beogh upon you.
Beogh smites you!
The orc priest looks braver for a moment.
The orc priest invokes the aid of Beogh against you.
Beogh smites you!
* * * LOW HITPOINT WARNING * * *
It was a potion of haste.
You feel yourself speed up.
The orc priest mumbles some strange prayers to Beogh against you.
Beogh smites you!
You die...

### #.....# # ..
......# #.##.## ....w.
#### ....# ....# ##..#
#..##....#
##...#######..#†...#
+#####.......@o.Wo...>#
#.........########o.#.#
#.........# ##'# #
####.........# .>..
.............# ....o#
.##..........# #.....#
.##.########## #....w#
.##.# ..####o .##.# #.#
..


You could see 2 orc priests, appiemonkey's ghost and an orc.

Vanquished Creatures
  An orc wizard (D:3)
  3 adders (D:2)
  A gnoll (D:2)
  2 leopard geckos (D:1)
  8 bats
  5 giant cockroaches
  5 goblins
  7 hobgoblins
  2 jackals (D:2)
  5 kobolds
  A ball python (D:2)
  3 frilled lizards (D:1)
  5 rats
48 creatures vanquished.

Notes
Turn   | Place    | Note
-------+----------+-------------------------------------------
     0 | D:1      | theAP the Gargoyle Earth Elementalist began the quest for the Orb.
     0 | D:1      | Reached XP level 1. HP: 10/10 MP: 3/3
   167 | D:1      | Reached XP level 2. HP: 15/15 MP: 3/5
   168 | D:1      | Reached skill level 4 in Earth Magic
   576 | D:1      | Reached XP level 3. HP: 19/19 MP: 2/6
   595 | D:1      | Learned a level 3 spell: Stone Arrow
   897 | D:2      | Reached skill level 1 in Maces & Flails
  1034 | D:2      | Reached XP level 4. HP: 24/24 MP: 3/8
  1416 | D:2      | Learned a level 3 spell: Mephitic Cloud
  1553 | D:3      | Noticed appiemonkey's ghost (weakling DsFi)
  1556 | D:3      | Reached XP level 5. HP: 28/28 MP: 5/9
  1565 | D:3      | Killed from afar by an orc priest

Skill      XL: |  1  2  3 |
---------------+----------+-----
Earth Magic    | 4 |  4.9
Maces & Flails | 1 |  1.9
Spellcasting   | 3 |  3.1
Dodging        | |  1.5
Stealth        | |  2.1
Conjurations   | |  0.7
Transmutations | |  0.7

Action                   |  1- 3 |  4- 6 || total
-------------------------+-------+-------++-------
 Cast: Sandblast         |    42 |    25 ||    67
  Use: Potion            |       |     1 ||     1
  Eat: Chunk             |     1 |     1 ||     2
Armor: Robe              |     4 |     4 ||     8
Dodge: Dodged            |     5 |     4 ||     9
